 Dungeon Crawl Stone Soup version 0.25-a0-44-g29a1220a87 (webtiles) character file.

Game seed: 8627880198846869357, levelgen mode: deterministic

32 Iscandelvey the Vexing (level 3, 18/26 HPs)
             Began as a Demonspawn Arcane Marksman on Oct 23, 2019.
             Quit the game on level 2 of the Dungeon.
             The game lasted 00:00:42 (897 turns).

Iscandelvey the Vexing (Demonspawn Arcane Marksman)  Turns: 897, Time: 00:00:43

Health: 18/26      AC:  2    Str: 10    XL:     3   Next: 8%
Magic:  4/4        EV: 12    Int: 15    God:
Gold:   49         SH:  0    Dex: 13    Spells: 3/4 levels left

rFire    . . .     SeeInvis .   a - +0 hunting sling
rCold    . . .     Gourm    .   (no shield)
rNeg     . . .     Faith    .   e - +0 robe
rPois    .         Spirit   .   (no helmet)
rElec    .         Reflect  .   (no cloak)
rCorr    .         Harm     .   (no gloves)
MR       .....                  (no boots)
Stlth    +.........             (no amulet)
HPRegen  0.08/turn              (no ring)
MPRegen  0.09/turn              (no ring)

@: mildly poisoned (18 -> 12)
A: talons 1
a: no special abilities


You were on level 2 of the Dungeon.
You were not hungry.

You visited 1 branch of the dungeon, and saw 2 of its levels.

You collected 49 gold pieces.

Inventory:

Hand Weapons
 a - a +0 hunting sling (weapon)
Missiles
 d - 22 sling bullets (quivered)
 g - 59 stones
Armour
 e - a +0 robe (worn)
Jewellery
 i - a +2 ring of protection {unknown}
Scrolls
 c - 3 scrolls of identify {unknown}
 h - a scroll of remove curse {unknown}
 k - a scroll of blinking {unknown}
Potions
 b - a potion of curing {unknown}
 j - a potion of might {unknown}
 l - a potion of heal wounds {unknown}
 m - 2 potions of degeneration {unknown}
Comestibles
 f - 4 rations


   Skills:
 + Level 1.1 Fighting
 + Level 2.4 Slings
 + Level 2.1 Dodging
 + Level 0.1 Stealth
 + Level 1.0 Spellcasting
 + Level 3.4 Hexes


You had 3 spell levels left.
You knew the following spells:

 Your Spells              Type           Power        Failure   Level  Hunger
a - Corona                Hex            ##.....      6%          1    ##.....

Your spell library contained the following spells:

 Spells                   Type           Power        Failure   Level  Hunger
 Slow                     Hex            ##......     10%         2    ###....
 Inner Flame              Hex/Fire       #.......     36%         3    ####...
 Portal Projectile        Hex/Tloc       #.....       36%         3    ####...
 Cause Fear               Hex            ##........   52%         4    #####..
 Leda's Liquefaction      Hex/Erth       #.........   77%         4    #####..


Dungeon Overview and Level Annotations

Branches:
Dungeon (2/15)

Altars:


Innate Abilities, Weirdness & Mutations

You have sharp toenails.


Message History

The adder poisons you!
An adder is nearby!
Firing (i - inventory. (/) - cycle)
d - 24 sling bullets (quivered)
Press: ? - help, Shift-Dir - straight line, f/p - adder
Aim: an adder (severely wounded)
You shoot a sling bullet.
The sling bullet barely misses the adder.
You feel sick. The adder closely misses you. The adder bites you.
An adder is nearby!
Firing (i - inventory. (/) - cycle)
d - 23 sling bullets (quivered)
Press: ? - help, Shift-Dir - straight line, f/p - adder
Aim: an adder (severely wounded)
You shoot a sling bullet. The sling bullet hits the adder!
You kill the adder!
You have reached level 3!
Your experience leads to an increase in your attributes!
Increase (S)trength, (I)ntelligence, or (D)exterity?
You feel clever.
You feel sick.
Are you sure you want to abandon this character and quit the game? (Confirm with "yes".)

#....## #P..♣≈♣.
#.##..###P♣.♣≈♣≈≈≈
#. ##.#.P..♣≈≈≈≈≈≈
#. #...P.♣≈≈≈≈♣≈ #
##......≈♣.. .
#.P....≈....
#..##P..P..
##.###.....
#(@(......
>(.((.....#....
(########......
#.#### .# #


There were no monsters in sight!

Vanquished Creatures
  An adder (D:2)
  A leopard gecko (D:1)
  An orc (D:2)
  2 ball pythons (D:1)
  A giant cockroach (D:2)
  A goblin (D:2)
  2 hobgoblins (D:1)
  3 jackals (D:1)
  2 bats (D:1)
  2 frilled lizards
  4 kobolds
20 creatures vanquished.

Notes
Turn   | Place    | Note
-------+----------+-------------------------------------------
     0 | D:1      | Iscandelvey the Demonspawn Arcane Marksman began the quest
                  | for the Orb.
     0 | D:1      | Reached XP level 1. HP: 15/15 MP: 2/2
   329 | D:1      | Gained mutation: You have sharp toenails. [demonic
                  | ancestry]
   329 | D:1      | Reached XP level 2. HP: 21/21 MP: 3/3
   896 | D:2      | Reached XP level 3. HP: 19/26 MP: 4/4
   897 | D:2      | Quit the game

Levels and vault maps discovered:
D:1:      dpeg_arrival_chambers_temple_mockup, layout_basic
D:2:      layout_rooms, nicolae_ru_awakened_eye,
          nicolae_dithmenos_shadow_blocks, first_ration, serial_bayou,
          serial_bayou_pond_a, serial_bayou_lagoon_b, serial_bayou_pond_d,
          serial_bayou_pond_b, minmay_pentomino_t4

Skill      XL: |  1  2 |
---------------+-------+-----
Dodging        | 2 |  2.1
Slings         | 2 |  2.4
Fighting       | |  1.1
Stealth        | |  0.1
Spellcasting   | |  1.0
Hexes          | |  3.4

Action                   || total
-------------------------++-------
 Fire: Hunting sling     ||    57
Armor: Robe              ||     1
Dodge: Dodged            ||    10

Table legend:
 A = Non-vault XP
 B = Vault XP
 C = Vault XP percentage of total XP
 D = Non-vault monster count
 E = Vault monster count
 F = Vault count percentage of total count
                 A         B        C        D         E       F
            +---------+---------+-------+---------+---------+-------
      Total |      46 |       0 |   0.0 |      20 |       0 |   0.0
            +---------+---------+-------+---------+---------+-------
        D:1 |      22 |       0 |   0.0 |      14 |       0 |   0.0
        D:2 |      24 |       0 |   0.0 |       6 |       0 |   0.0
            +---------+---------+-------+---------+---------+-------
